AoeStats
← Chigüiro

Oasis

509260027Analyzed
4v4 RM · 6d ago on Sep 26, 2026· 28m 46s· 8 players
Game mode
Random Map
Map size
Large (8 player)
Population
200
Speed
Normal
Resources
Standard
Victory
Conquest
Starting age
Dark Age
Ending age
Imperial Age
RankedLock teamsTeams togetherTeam positionsShared explorationLock speedFull tech treeHidden civsTurbo modeCheats
Victory
Defeat
🇦🇺 Byzantines · Australia
1586
+12
🇦🇺 Franks · Australia
1583
+12
🇧🇷 Koreans · Brazil
1546
+14
🇨🇴 Berbers · Colombia
1527
+15
🇹🇼 Portuguese · Taiwan
1540
-15
🇹🇼 Wu · Taiwan
1503
-13
🇹🇼 Dravidians · Taiwan
1486
-13
🇹🇼 Tatars · Taiwan
1479
-12
Jeffin
6:52 Loom
9:25 Feudal Age
10:01 Double-Bit Axe
13:32 Fletching
21:16 Castle Age
20:34 Horse Collar
21:01 Gold Mining
21:21 Crossbowman
22:01 Bodkin Arrow
22:17 Bow Saw
28:18 Wheelbarrow
28:36 Heavy Plow
Chigüiro
6:58 Loom
8:57 Feudal Age
10:18 Double-Bit Axe
14:52 Forging
18:58 Scale Barding Armor
22:17 Castle Age
20:21 Horse Collar
21:30 Bloodlines
21:37 Gold Mining
25:13 Chain Barding Armor
eimer6174
6:39 Loom
8:51 Feudal Age
9:47 Double-Bit Axe
11:23 Town Watch
18:00 Castle Age
18:54 Bow Saw
21:35 Wheelbarrow
27:21 Hand Cart
29:40 Imperial Age
28:34 Gold Mining
28:35 Stone Mining
RogerRamjet
7:38 Loom
11:24 Feudal Age
15:23 Castle Age
13:30 Double-Bit Axe
13:50 Horse Collar
16:05 Fletching
19:15 Bodkin Arrow
20:05 Crossbowman
24:05 Padded Archer Armor
25:05 Wheelbarrow
25:01 Bow Saw
30:04 Imperial Age
28:34 Thumb Ring
28:42 Gold Mining
29:45 Ballistics
Demon Hunters
2:31 Loom
11:14 Feudal Age
16:03 Castle Age
14:16 Double-Bit Axe
14:20 Horse Collar
15:27 Fletching
17:13 Heavy Plow
19:02 Bow Saw
23:34 Town Watch
大水助
7:41 Loom
9:29 Feudal Age
23:12 Castle Age
22:43 Scale Barding Armor
24:16 Chain Barding Armor
NyxXX
6:00 Loom
8:56 Feudal Age
16:56 Fletching
21:54 Castle Age
20:34 Padded Archer Armor
21:35 Double-Bit Axe
21:40 Gold Mining
21:30 Horse Collar
22:02 Crossbowman
22:42 Bodkin Arrow
24:20 Stone Mining
27:29 Bow Saw
28:03 Wheelbarrow
kuim
5:37 Loom
8:46 Feudal Age
10:01 Double-Bit Axe
11:47 Horse Collar
18:44 Castle Age
18:30 Scale Barding Armor
18:36 Bloodlines
19:12 Forging
21:54 Husbandry
23:19 Bow Saw
23:31 Heavy Plow
Connection lost

Rejoining the realm…

Still unreachable

The connection could not be restored.

Session expired

The server has moved on; the page needs a fresh start.